APL (24 & UNDER)
STATE COLLEGE SPIKES @ DETROIT DIRTY SNOW
04/24/2030
 
TOP OF THE 1ST
State College Spikes batting - Pitching for Detroit Dirty Snow : RHP Bob Peterson
Pitching: RHP Bob Peterson
Batting: RHB Andrew Pinto 0-0: Hit by Pitch
Batting: RHB Jorge Molina 0-0: Called Strike
0-1: Ball
1-1: Ball
Andrew Pinto is caught stealing 2nd base
2-1: SINGLE (Line Drive, 4D)
Batting: LHB Javier Morales 0-0: Called Strike
Jorge Molina steals 2nd base
0-1: Ball
1-1: Ball
2-1: Fly out, F4 (Line Drive, 34)
Lined into DP, 4-6 (Line Drive, 34)
Top of the 1st over - 0 runs, 1 hit, 0 errors, 0 left on base; State College 0 - Detroit 0
BOTTOM OF THE 1ST
Detroit Dirty Snow batting - Pitching for State College Spikes : RHP Greg Ward
Pitching: RHP Greg Ward
Batting: RHB Bobby Hendricks 0-0: Ball
1-0: Fly out, F3 (Popup, 3S)
Batting: RHB Mauro Peña 0-0: Ball
1-0: Foul Ball, location: 2F
1-1: Ball
2-1: Swinging Strike
2-2: Foul Ball, location: 2F
2-2: Foul Ball, location: 2F
2-2: Foul Ball, location: 2F
2-2: Strikes out swinging
Batting: LHB Luis Salazar 0-0: Foul Ball, location: 2F
0-1: Ball
1-1: SINGLE (Line Drive, 8LS)
Batting: RHB Antenor Anchieta 0-0: Fly out, F9 (Flyball, 89M)
Bottom of the 1st over - 0 runs, 1 hit, 0 errors, 1 left on base; State College 0 - Detroit 0
TOP OF THE 2ND
State College Spikes batting - Pitching for Detroit Dirty Snow : RHP Bob Peterson
Batting: LHB Wilson Turner 0-0: Ball
1-0: Ball
2-0: Ground out U3 (Groundball, 3L)
Batting: LHB Tom McTier 0-0: Ground out 4-3 (Groundball, 4S)
Batting: RHB António Trevino 0-0: Ball
1-0: Ground out 2-3 (Groundball, 2L)
Top of the 2nd over - 0 runs, 0 hits, 0 errors, 0 left on base; State College 0 - Detroit 0
BOTTOM OF THE 2ND
Detroit Dirty Snow batting - Pitching for State College Spikes : RHP Greg Ward
Batting: SHB Víctor Torres 0-0: Ball
1-0: Ball
2-0: Foul Ball, location: 2F
2-1: Foul Ball, location: 2F
2-2: Strikes out swinging
Batting: RHB Carlos Rocha 0-0: Ball
1-0: Foul Ball, location: 2F
1-1: Fly out, F7 (Flyball, 7LDF)
Batting: RHB Paul Liddle 0-0: Called Strike
0-1: Called Strike
0-2: Foul Ball, location: 2F
0-2: Strikes out looking
Bottom of the 2nd over - 0 runs, 0 hits, 0 errors, 0 left on base; State College 0 - Detroit 0
TOP OF THE 3RD
State College Spikes batting - Pitching for Detroit Dirty Snow : RHP Bob Peterson
Batting: RHB Sergio Serrano 0-0: Ball
1-0: Foul Ball, location: 2F
1-1: Ball
2-1: Foul Ball, location: 2F
2-2: Foul Ball, location: 2F
2-2: DOUBLE (Flyball, 8LXD)
Batting: RHB José Maldonado 0-0: Called Strike
0-1: Ball
1-1: Ball
2-1: Ball
3-1: Swinging Strike
3-2: Foul Ball, location: 2F
3-2: Strikes out looking
Batting: RHB Víctor Polanco 0-0: Ground out 6-3 (Groundball, 6S)
Sergio Serrano to third
Batting: RHB Andrew Pinto 0-0: Ball
1-0: Foul Ball, location: 2F
1-1: Ball
2-1: SINGLE (Line Drive, 6M)
Sergio Serrano scores
Batting: RHB Jorge Molina 0-0: Ball
Wild Pitch!
Andrew Pinto to second
1-0: Called Strike
1-1: Called Strike
1-2: Strikes out swinging
Top of the 3rd over - 1 run, 2 hits, 0 errors, 1 left on base; State College 1 - Detroit 0
BOTTOM OF THE 3RD
Detroit Dirty Snow batting - Pitching for State College Spikes : RHP Greg Ward
Batting: LHB Lee Jenkins 0-0: Fly out, F4 (Popup, 4M)
Batting: LHB Al Cramer 0-0: Called Strike
0-1: Ball
1-1: Ball
2-1: Foul Ball, location: 2F
2-2: DOUBLE (Line Drive, 78XD)
Batting: RHB Bobby Hendricks 0-0: Ball
1-0: Ball
2-0: Called Strike
2-1: Foul Ball, location: 2F
2-2: Foul Ball, location: 2F
2-2: Foul Ball, location: 2F
2-2: Ball
3-2: Base on Balls
Batting: RHB Mauro Peña 0-0: Ball
1-0: Called Strike
1-1: Ball
2-1: Foul Ball, location: 2F
2-2: Ball
3-2: Strikes out swinging
Batting: LHB Luis Salazar 0-0: Ball
1-0: SINGLE (Groundball, 56D)
Al Cramer to third
Bobby Hendricks to second
Runner from 3rd tries for Home, SAFE, no throw
Batting: RHB Antenor Anchieta 0-0: Ball
1-0: Foul Ball, location: 2F
1-1: Ball
2-1: Ball
3-1: SINGLE (Line Drive, 4D)
Bobby Hendricks to third
Luis Salazar to second
Runner from 3rd tries for Home, SAFE, no throw
Batting: SHB Víctor Torres 0-0: Ball
Luis Salazar steals 3rd base
1-0: Foul Ball, location: 2F
1-1: Swinging Strike
1-2: Ball
2-2: Ball
3-2: SINGLE (Line Drive, 9S)
Luis Salazar scores
Antenor Anchieta to second
Antenor Anchieta to third
Batting: RHB Carlos Rocha 0-0: Ground out 5-3 (Groundball, 25)
Bottom of the 3rd over - 3 runs, 4 hits, 0 errors, 2 left on base; State College 1 - Detroit 3
TOP OF THE 4TH
State College Spikes batting - Pitching for Detroit Dirty Snow : RHP Bob Peterson
Batting: LHB Javier Morales 0-0: Called Strike
0-1: Ball
1-1: Fly out, F8 (Flyball, 8LS)
Batting: LHB Wilson Turner 0-0: Ball
1-0: Called Strike
1-1: Ball
2-1: Foul Ball, location: 2F
2-2: Strikes out swinging
Batting: LHB Tom McTier 0-0: Ball
1-0: Called Strike
1-1: Ball
2-1: Foul Ball, location: 2F
2-2: Strikes out looking
Top of the 4th over - 0 runs, 0 hits, 0 errors, 0 left on base; State College 1 - Detroit 3
BOTTOM OF THE 4TH
Detroit Dirty Snow batting - Pitching for State College Spikes : RHP Greg Ward
Batting: RHB Paul Liddle 0-0: Called Strike
0-1: Ball
1-1: Ball
2-1: DOUBLE (Flyball, 8RXD)
Batting: LHB Lee Jenkins 0-0: Fly out, F7 (Line Drive, 78M)
Batting: LHB Al Cramer 0-0: Called Strike
0-1: Called Strike
0-2: Ball
1-2: Ball
2-2: Ball
3-2: Foul Ball, location: 2F
3-2: Base on Balls
Batting: RHB Bobby Hendricks 0-0: Called Strike
0-1: Ball
1-1: Ball
2-1: Foul Ball, location: 2F
2-2: SINGLE (Groundball, 6S) (infield hit)
Paul Liddle to third
Al Cramer to second
Batting: RHB Mauro Peña 0-0: Ball
1-0: Foul Ball, location: 2F
1-1: Called Strike
1-2: SINGLE (Groundball, 56) (infield hit)
Paul Liddle scores
Al Cramer to third
Bobby Hendricks to second
Batting: LHB Luis Salazar 0-0: Called Strike
0-1: SINGLE (Groundball, 6S) (infield hit)
Al Cramer scores
Bobby Hendricks to third
Mauro Peña to second
Batting: RHB Antenor Anchieta 0-0: Ball
1-0: Called Strike
1-1: Ball
2-1: Foul Ball, location: 2F
2-2: Strikes out looking
Batting: SHB Víctor Torres 0-0: Called Strike
0-1: Ground out 4-3 (Groundball, 4)
Bottom of the 4th over - 2 runs, 4 hits, 0 errors, 3 left on base; State College 1 - Detroit 5
TOP OF THE 5TH
State College Spikes batting - Pitching for Detroit Dirty Snow : RHP Jesús Mendoza
Pitching: RHP Jesús Mendoza
Batting: RHB António Trevino 0-0: Ball
1-0: Hit by Pitch
Batting: RHB Sergio Serrano 0-0: Called Strike
0-1: Called Strike
0-2: Ground out 3-1 (Groundball, 34)
António Trevino to second
Batting: RHB José Maldonado 0-0: Fly out, F8 (Flyball, 8RD)
Runner from 2nd tags up, SAFE at 3rd with throw
Batting: RHB Víctor Polanco 0-0: Called Strike
0-1: Swinging Strike
0-2: Ball
1-2: Ball
2-2: Ball
3-2: Foul Ball, location: 2F
3-2: Foul Ball, location: 2F
3-2: Foul Ball, location: 2F
3-2: Foul Ball, location: 2F
3-2: Strikes out swinging
Top of the 5th over - 0 runs, 0 hits, 0 errors, 1 left on base; State College 1 - Detroit 5
BOTTOM OF THE 5TH
Detroit Dirty Snow batting - Pitching for State College Spikes : RHP Greg Ward
Batting: RHB Carlos Rocha 0-0: Called Strike
0-1: Ball
1-1: Ball
2-1: Ball
3-1: Base on Balls
Pitching: RHP Billy Davis
Batting: RHB Paul Liddle 0-0: Ball
1-0: Foul Ball, location: 2F
1-1: Called Strike
1-2: Ball
2-2: Foul Ball, location: 2F
2-2: Ball
3-2: Base on Balls
Carlos Rocha to second
Batting: LHB Lee Jenkins 0-0: Called Strike
0-1: Fly out, F8 (Flyball, 8RM)
Batting: LHB Al Cramer 0-0: Ball
1-0: Ball
2-0: Ball
3-0: Base on Balls
Carlos Rocha to third
Paul Liddle to second
Batting: RHB Bobby Hendricks 0-0: Ball
1-0: Foul Ball, location: 2F
1-1: Ball
2-1: Ball
3-1: Base on Balls
Carlos Rocha scores
Paul Liddle to third
Al Cramer to second
Batting: RHB Mauro Peña 0-0: Foul Ball, location: 2F
0-1: TRIPLE (Flyball, 8LXD)
Paul Liddle scores
Al Cramer scores
Bobby Hendricks scores
Batting: LHB Luis Salazar 0-0: Foul Ball, location: 2F
0-1: SINGLE (Line Drive, 56)
Mauro Peña scores
Batting: RHB Antenor Anchieta 0-0: Ball
1-0: Called Strike
1-1: Foul Ball, location: 2F
1-2: Foul Ball, location: 2F
1-2: Foul Ball, location: 2F
1-2: Fielders Choice at 2nd, 6-4 (Groundball, 56)
Batting: SHB Víctor Torres 0-0: Called Strike
0-1: Fly out, F5 (Popup, 56S)
Bottom of the 5th over - 5 runs, 2 hits, 0 errors, 1 left on base; State College 1 - Detroit 10
TOP OF THE 6TH
State College Spikes batting - Pitching for Detroit Dirty Snow : RHP Jesús Mendoza
Batting: RHB Andrew Pinto 0-0: Swinging Strike
0-1: Ball
1-1: Foul Ball, location: 2F
1-2: Ball
2-2: Strikes out swinging
Batting: RHB Jorge Molina 0-0: Swinging Strike
0-1: Ball
1-1: Foul Ball, location: 2F
1-2: Ball
2-2: Ground out 6-3 (Groundball, 6)
Batting: LHB Javier Morales 0-0: Called Strike
0-1: Foul Ball, location: 2F
0-2: SINGLE (Line Drive, 56)
Batting: LHB Wilson Turner 0-0: Ball
1-0: Foul Ball, location: 2F
1-1: Ball
2-1: Ball
3-1: Base on Balls
Javier Morales to second
Batting: LHB Tom McTier 0-0: Fly out, F1 (Line Drive, 13)
Top of the 6th over - 0 runs, 1 hit, 0 errors, 2 left on base; State College 1 - Detroit 10
BOTTOM OF THE 6TH
Detroit Dirty Snow batting - Pitching for State College Spikes : RHP Billy Davis
Batting: RHB Carlos Rocha 0-0: Ball
1-0: SINGLE (Line Drive, 9LS)
Batting: RHB Paul Liddle 0-0: 2-RUN HOME RUN (Line Drive, 7D), Distance : 400 ft
Batting: LHB Lee Jenkins 0-0: Called Strike
0-1: Foul Ball, location: 2F
0-2: Strikes out swinging
Batting: LHB Al Cramer 0-0: SINGLE (Groundball, 6MD)
Batting: RHB Bobby Hendricks 0-0: Called Strike
0-1: Ball
1-1: Foul Ball, location: 2F
1-2: Foul Ball, location: 2F
1-2: Ball
2-2: 2-RUN HOME RUN (Flyball, 7D), Distance : 379 ft
Batting: RHB Mauro Peña 0-0: Ball
1-0: Foul Ball, location: 2F
1-1: Called Strike
1-2: Ground out 4-3 (Groundball, 4)
Batting: LHB Luis Salazar 0-0: Ball
1-0: Ball
2-0: Called Strike
2-1: Ball
3-1: SINGLE (Groundball, 4S) (infield hit)
Batting: RHB Antenor Anchieta 0-0: Ball
Luis Salazar steals 2nd base
1-0: Called Strike
1-1: Ball
2-1: Ball
3-1: Foul Ball, location: 2F
3-2: Base on Balls
Batting: SHB Víctor Torres 0-0: Ball
1-0: Swinging Strike
1-1: Ball
2-1: Foul Ball, location: 2F
2-2: Fielders Choice at 2nd, 6-4 (Groundball, 6)
Bottom of the 6th over - 4 runs, 5 hits, 0 errors, 2 left on base; State College 1 - Detroit 14
TOP OF THE 7TH
State College Spikes batting - Pitching for Detroit Dirty Snow : RHP Jesús Mendoza
Batting: RHB António Trevino 0-0: Called Strike
0-1: Ball
1-1: Foul Ball, location: 2F
1-2: Foul Ball, location: 2F
1-2: Ball
2-2: Ball
3-2: Foul Ball, location: 2F
3-2: Foul Ball, location: 2F
3-2: Strikes out swinging
Batting: RHB Sergio Serrano 0-0: Ball
1-0: Ball
2-0: Ground out 6-3 (Groundball, 6D)
Batting: RHB José Maldonado 0-0: Ball
1-0: Ball
2-0: Ball
3-0: Base on Balls
Batting: RHB Víctor Polanco 0-0: Called Strike
0-1: Swinging Strike
0-2: Strikes out swinging
Top of the 7th over - 0 runs, 0 hits, 0 errors, 1 left on base; State College 1 - Detroit 14
BOTTOM OF THE 7TH
Detroit Dirty Snow batting - Pitching for State College Spikes : RHP Billy Davis
Pitching: RHP Albert Scott
Batting: RHB Carlos Rocha 0-0: Called Strike
0-1: Ball
1-1: Ball
2-1: Foul Ball, location: 2F
2-2: Strikes out swinging
Batting: RHB Paul Liddle 0-0: Ball
1-0: Swinging Strike
1-1: Ball
2-1: Called Strike
2-2: Foul Ball, location: 2F
2-2: Strikes out swinging
Batting: LHB Lee Jenkins 0-0: Ball
1-0: Ball
2-0: Called Strike
2-1: Foul Ball, location: 2F
2-2: Ball
3-2: Foul Ball, location: 2F
3-2: Strikes out swinging
Bottom of the 7th over - 0 runs, 0 hits, 0 errors, 0 left on base; State College 1 - Detroit 14
TOP OF THE 8TH
State College Spikes batting - Pitching for Detroit Dirty Snow : RHP Jesús Mendoza
Pitching: LHP Alonso Pineda
Batting: RHB Andrew Pinto 0-0: Ball
1-0: Swinging Strike
1-1: Ball
2-1: Foul Ball, location: 2F
2-2: Ball
3-2: Foul Ball, location: 2F
3-2: Strikes out swinging
Batting: RHB Jorge Molina 0-0: Ball
1-0: Ball
2-0: Ball
3-0: Called Strike
3-1: Called Strike
3-2: Base on Balls
Batting: LHB Javier Morales 0-0: Ball
Wild Pitch!
Jorge Molina to second
1-0: Swinging Strike
1-1: Ground out U3 (Groundball, 3L)
Jorge Molina to third
Batting: LHB Wilson Turner 0-0: Ball
1-0: Called Strike
1-1: Foul Ball, location: 2F
1-2: Foul Ball, location: 2F
1-2: Ball
2-2: Strikes out swinging
Top of the 8th over - 0 runs, 0 hits, 0 errors, 1 left on base; State College 1 - Detroit 14
BOTTOM OF THE 8TH
Detroit Dirty Snow batting - Pitching for State College Spikes : RHP Albert Scott
Batting: LHB Al Cramer 0-0: Ball
1-0: Called Strike
1-1: Ground out 6-3 (Groundball, 6M)
Batting: RHB Bobby Hendricks 0-0: Ball
1-0: SOLO HOME RUN (Flyball, 7LD), Distance : 348 ft
Batting: RHB Mauro Peña 0-0: Ball
1-0: Ball
2-0: Called Strike
2-1: SINGLE (Line Drive, 6M)
Pinch Hitting: RHB António Aguilera 0-0: Ball
Mauro Peña is caught stealing 2nd base
1-0: SINGLE (Line Drive, 4D)
Batting: RHB Antenor Anchieta 0-0: Called Strike
0-1: Foul Ball, location: 2F
0-2: 2-RUN HOME RUN (Flyball, 7LD), Distance : 354 ft
Pinch Hitting: LHB Abel Wheeler 0-0: Ball
1-0: Ball
2-0: Foul Ball, location: 2F
2-1: Swinging Strike
2-2: Foul Ball, location: 2F
2-2: Ball
3-2: Foul Ball, location: 2F
3-2: Fly out, F7 (Flyball, 7S)
Bottom of the 8th over - 3 runs, 4 hits, 0 errors, 0 left on base; State College 1 - Detroit 17
TOP OF THE 9TH
State College Spikes batting - Pitching for Detroit Dirty Snow : LHP Alonso Pineda
Now in CF: António Aguilera
Now in RF: Abel Wheeler
Batting: LHB Tom McTier 0-0: Swinging Strike
0-1: Foul Ball, location: 2F
0-2: Strikes out swinging
Batting: RHB António Trevino 0-0: Called Strike
0-1: Foul Ball, location: 2F
0-2: Ball
1-2: Ball
2-2: Ball
3-2: Foul Ball, location: 2F
3-2: Strikes out swinging
Batting: RHB Sergio Serrano 0-0: Foul Ball, location: 2F
0-1: SINGLE (Flyball, 3D)
Batting: RHB José Maldonado 0-0: SINGLE (Line Drive, 7LS)
Sergio Serrano to second
Batting: RHB Víctor Polanco 0-0: Foul Ball, location: 2F
0-1: Fielders Choice at 2nd, 6-4 (Groundball, 6)
Top of the 9th over - 0 runs, 2 hits, 0 errors, 2 left on base; State College 1 - Detroit 17
Saturday, April 7th, 2018 - OOTP Baseball 18.8 Build 76